 Dungeon Crawl Stone Soup version 0.28-a0-819-g6ef7baa362 (webtiles) character file.

Game seed: 3127441200480641045

106 flotson the Ruffian (level 4, -3/38 HPs)
             Began as a Ghoul Gladiator on Nov 8, 2021.
             Slain by a yak (14 damage)
             ... on level 3 of the Dungeon.
             The game lasted 00:05:38 (2973 turns).

flotson the Ruffian (Ghoul Gladiator)               Turns: 2973, Time: 00:05:38

Health: -3/38      AC:  7    Str: 18    XL:     4   Next: 84%
Magic:  3/3        EV: 11    Int:  3    God:
Gold:   50         SH:  0    Dex: 10    Spells: 3/3 levels left

rFire   . . .      SeeInvis .     - Unarmed
rCold   + . .      Faith    .   (no shield)
rNeg    + + +      Spirit   .   g - +0 ring mail
rPois   ∞          Reflect  .   b - +0 helmet
rElec   .          Harm     .   n - +0 cloak
rCorr   .          Rampage  .   (no gloves)
Will    .....                   (no boots)
Stlth   ..........              (no amulet)
HPRegen 0.00/turn               (no ring)
MPRegen 0.08/turn               (no ring)

@: inhibited regen
A: claws 1, cold resistance 1, negative energy resistance 3, inhibited
regeneration, torment resistance 2
a: no special abilities


You were on level 3 of the Dungeon.
You visited 1 branch of the dungeon, and saw 4 of its levels.

You collected 50 gold pieces.

Inventory:

Hand Weapons
 a - a +0 hunting sling
Missiles
 d - 62 stones (quivered)
 k - 18 sling bullets
Armour
 b - a +0 helmet (worn)
 g - a +0 ring mail (worn)
 n - a +0 cloak (worn)
Scrolls
 e - 2 scrolls of identify {unknown}
 f - 2 scrolls of amnesia {unknown}
 m - a scroll of enchant armour {unknown}
 o - a scroll of brand weapon {unknown}
Potions
 h - 4 potions of curing {unknown}
 i - a potion of lignification {unknown}
 j - 3 potions of heal wounds {unknown}
 l - a potion of mutation {unknown}


   Skills:
 + Level 3.0 Fighting
 + Level 2.4 Throwing
 + Level 1.3 Armour
 + Level 3.3 Dodging
 + Level 4.0 Unarmed Combat


You had 3 spell levels left.
You didn't know any spells.
Your spell library contained the following spells:

 Spells                   Type           Power      Damage    Failure   Level
 Slow                     Hex            0%         N/A       73%         1
 Confusing Touch          Hex            0%         N/A       97%         3
 Dazzling Flash           Conj/Hex       0%         N/A       97%         3
 Petrify                  Tmut/Erth      0%         N/A       100%        4
 Agony                    Necr           0%         N/A       100%        5
 Irradiate                Conj/Tmut      0%         3d14      100%        5
 Silence                  Hex/Air        0%         N/A       100%        5
 Yara's Violent Unravell  Hex/Tmut       0%         3d3       100%        5
 Sublimation of Blood     Necr           Unusable   N/A       N/A         2

Dungeon Overview and Level Annotations

Branches:
Dungeon (4/15)
 Temple: D:4-7

Altars:
Kikubaaqudgha
Ru
Uskayaw

Annotations:
D:4 2 runed translucent doors


Innate Abilities, Weirdness & Mutations

You thrive by killing the living.
You are immune to poison.
You have sharp fingernails.
Your flesh is cold resistant. (rC+)
You are immune to negative energy. (rN+++)
You do not regenerate when monsters are visible.
You are immune to unholy pain and torment.


Message History

The yak is lightly wounded.
Fire: 63 stones
Press: ? - help, Q - select action, (/) - cycle Shift-Dir - straight line, f/p - yak
Aim: a yak (lightly wounded, 68% to hit)
You shoot a stone. The stone hits the yak.
The yak is lightly wounded.
Unknown command.
You are now empty-clawed.
The yak gores you but does no damage.
Throw: 2 throwing nets
Press: ? - help, Q - select action, (/) - cycle Shift-Dir - straight line, f/p - yak
Aim: a yak (lightly wounded, 69% to hit)
You throw a throwing net.
The throwing net closely misses the yak.
Throw: throwing net
Press: ? - help, Q - select action, (/) - cycle Shift-Dir - straight line, f/p - yak
Aim: a yak (lightly wounded, 69% to hit)
You throw a throwing net. The throwing net hits the yak.
The yak is caught in the net!
The yak is lightly wounded.
The yak struggles against the net.
You claw the yak!
The yak is heavily wounded.
The yak struggles against the net.
You scratch the yak.
The yak is heavily wounded.
The yak struggles against the net.
You scratch the yak.
The yak is heavily wounded.
The yak struggles against the net.
You scratch the yak.
The yak is severely wounded.
The yak struggles against the net.
The net rips apart, and the yak comes free!
You completely miss the yak.
The yak is severely wounded.
The yak closely misses you.
You claw the yak!
The yak is almost dead.
The yak gores you!
You die...

########### ###
.##.......# #.#
.##.#####.###########.#
.##.#........##.@Y((.(#
.##.#...#.##.##.#####.#
.##.###.#.##.##.#.....#
.##.###.#.##....#.#####
.##.#...#.#........#
..............><...#
.##.#.###...######.##
###.#.# #...#.).....#
#.#.# #...#.####[.#


You could see a yak.

Vanquished Creatures
  2 adders
  2 worms
  4 dart slugs
  An orc (D:4)
  7 endoplasms
  2 giant cockroaches
  5 goblins
  7 hobgoblins
  5 jackals (D:2)
  4 quokkas
  8 ball pythons
  5 bats
  2 frilled lizards (D:2)
  8 kobolds
  5 rats
67 creatures vanquished.

Notes
Turn   | Place    | Note
-------+----------+-------------------------------------------
     0 | D:1      | flotson the Ghoul Gladiator began the quest for the Orb.
     0 | D:1      | Reached XP level 1. HP: 17/17 MP: 0/0
   224 | D:1      | Reached XP level 2. HP: 24/24 MP: 1/1
   744 | D:2      | Found an ancient bone altar of Kikubaaqudgha.
   763 | D:2      | Reached XP level 3. HP: 30/30 MP: 2/2
  1524 | D:2      | Reached skill level 1 in Armour
  1539 | D:2      | Reached XP level 4. HP: 35/37 MP: 3/3
  1562 | D:2      | Found a faded altar of an unknown god.
  1837 | D:3      | Found a hide-covered altar of Uskayaw.
  1960 | D:3      | Found a sacrificial altar of Ru.
  2059 | D:3      | Reached skill level 4 in Unarmed Combat
  2903 | D:4      | Found a large runed translucent door.
  2907 | D:4      | Found a large runed translucent door.
  2907 | D:4      | Noticed an orc warrior
  2907 | D:4      | Noticed a kobold brigand
  2919 | D:4      | Noticed a yak
  2973 | D:3      | Slain by a yak

Illustrated notes

Levels and vault maps discovered:
D:1:      minmay_arrival_shattered_statue, layout_loops_ring
D:2:      minmay_evil_eye, layout_basic, ebering_ecumenical_altar_hall,
          basic_altar
D:3:      layout_basic, nicolae_uskayaw_murder_on_the_dancefloor,
          mainiacjoe_overflow_six_doors_small, st_stairs_5,
          palyth_stone_intersect, grunt_decor_resistance
D:4:      minmay_chambers_of_fours, layout_loops_ring, grunt_ministairs_5,
          minmay_hollow_rounded_squares

Skill      XL: |  1  2  3  4 |
---------------+-------------+-----
Throwing       | 2 |  2.4
Dodging        | 3 |  3.3
Armour         | 1 |  1.3
Fighting       | 3 |  3.0
Unarmed Combat | 4 |  4.0

Action                   |  1- 3 |  4- 6 || total
-------------------------+-------+-------++-------
Melee: Unarmed           |    88 |     6 ||    94
 Fire: Hunting sling     |    53 |   109 ||   162
Throw: Throwing net      |       |     3 ||     3
Armor: Ring mail         |    54 |    25 ||    79
Dodge: Dodged            |    81 |    31 ||   112

Table legend: (Time is in decaauts)
 A = Elapsed time spent in this place.
 B = Non-inter-level travel time spent in this place.
 C = Inter-level travel time spent in this place.
 D = Time resting spent in this place.
 E = Time spent auto-exploring this place.
 F = Levels seen in this place.
 G = Mean time per level.
                   A        B        C        D        E       F      G
               +--------+--------+--------+--------+--------+-----+--------+
         Total |   2988 |   2842 |    146 |    193 |   2075 |   4 |  747.0 |
       Dungeon |   2988 |   2842 |    146 |    193 |   2075 |   4 |  747.0 |
               +--------+--------+--------+--------+--------+-----+--------+

Top non-repeatable levels by time:
     D:3: 1204 daAuts
     D:1: 1004 daAuts
     D:2: 665 daAuts
     D:4: 115 daAuts
